FSL
POMPANO BEACH STINGRAYS @ WINTER HAVEN SUN SOX
07/04/1982
 
TOP OF THE 1ST
Pompano Beach Stingrays batting - Pitching for Winter Haven Sun Sox : RHP Rafael Pimentel
Pitching: RHP Rafael Pimentel
Batting: RHB Jorge Villalobos 0-0: Ball
1-0: Called Strike
1-1: Called Strike
1-2: Ball
2-2: Foul Ball, location: 2F
2-2: Strikes out swinging, 2-3 out at first.
Batting: SHB Gene Roof 0-0: DOUBLE (Line Drive, 89M, EV 90.0 MPH)
Batting: RHB Lance Junker 0-0: Fly out, F2 (Popup, 2LF, EV 80.0 MPH)
Batting: LHB Arnold McCrary 0-0: Foul Ball, location: 2F
0-1: Foul Ball, location: 2F
0-2: Ball
1-2: Fly out, F6 (Flyball, 6MD, EV 83.8 MPH)
Top of the 1st over - 0 runs, 1 hit, 0 errors, 1 left on base; Pompano Beach 0 - Winter Haven 0
BOTTOM OF THE 1ST
Winter Haven Sun Sox batting - Pitching for Pompano Beach Stingrays : LHP Mark Vaji
Pitching: LHP Mark Vaji
Batting: LHB Don Carter 0-0: Called Strike
0-1: Swinging Strike
0-2: Ball
1-2: Foul Ball, location: 2F
1-2: Foul Ball, location: 2F
1-2: Strikes out swinging
Batting: RHB Takashi Upshur 0-0: Swinging Strike
0-1: Called Strike
0-2: Strikes out swinging
Batting: RHB Michael Rupp 0-0: Ball
1-0: Ball
2-0: Fly out, F4 (Flyball, 4D, EV 80.6 MPH)
Bottom of the 1st over - 0 runs, 0 hits, 0 errors, 0 left on base; Pompano Beach 0 - Winter Haven 0
TOP OF THE 2ND
Pompano Beach Stingrays batting - Pitching for Winter Haven Sun Sox : RHP Rafael Pimentel
Batting: RHB Jimmy Thomas 0-0: Ball
1-0: Ball
2-0: Fly out, F3 (Line Drive, 3, EV 70.6 MPH)
Batting: LHB Steve Phillips 0-0: Called Strike
0-1: Called Strike
0-2: Foul Ball, location: 2F
0-2: Ball
1-2: Ball
2-2: Strikes out swinging
Batting: RHB Mark Strucher 0-0: Ball
1-0: Ball
2-0: Ball
3-0: Base on Balls
Batting: SHB Maury Ornest 0-0: Ball
1-0: Ball
2-0: Ball
3-0: Called Strike
3-1: Base on Balls
Mark Strucher to second
Batting: RHB William Waag 0-0: Ground out 4-3 (Groundball, 34, EV 92.5 MPH)
Top of the 2nd over - 0 runs, 0 hits, 0 errors, 2 left on base; Pompano Beach 0 - Winter Haven 0
BOTTOM OF THE 2ND
Winter Haven Sun Sox batting - Pitching for Pompano Beach Stingrays : LHP Mark Vaji
Batting: RHB Jose Marcano 0-0: Ball
1-0: Ball
2-0: Ball
3-0: Called Strike
3-1: Foul Ball, location: 2F
3-2: Base on Balls
Batting: RHB Stephen Rhodes 0-0: Called Strike
0-1: Ball
1-1: Ball
2-1: Called Strike
Jose Marcano steals 2nd base
2-2: Strikes out swinging
Batting: LHB Charles Melito 0-0: Ball
1-0: Ball
2-0: Called Strike
2-1: Ball
3-1: Base on Balls
Batting: RHB Sam Sorce 0-0: Ball
1-0: Called Strike
1-1: Called Strike
1-2: Foul Ball, location: 2F
1-2: Fly out, F8 (Flyball, 89D, EV 85.0 MPH)
Runner from 2nd tags up, SAFE at 3rd, no throw by CF
Batting: RHB Roderick Murphy 0-0: Called Strike
0-1: Ball
1-1: Ball
2-1: Swinging Strike
2-2: Foul Ball, location: 2F
2-2: Foul Ball, location: 2F
2-2: DOUBLE (Line Drive, 78D, EV 104.4 MPH)
Jose Marcano scores
Charles Melito to third
Runner from 3rd tries for Home, SAFE, throw by CF to trailing runner, SAFE at third!
Batting: RHB Landre Carty 0-0: Called Strike
0-1: Ball
1-1: Ball
2-1: DOUBLE (Line Drive, 89D, EV 111.9 MPH)
Roderick Murphy scores
Pinch Runner at 2nd Tim Carroll:
Batting: LHB Don Carter 0-0: Called Strike
0-1: Swinging Strike
0-2: SINGLE (Line Drive, 8RS, EV 105.6 MPH)
Tim Carroll to third
Runner from 3rd tries for Home, SAFE, throw by CF to home
Don Carter to second
Batting: RHB Takashi Upshur 0-0: Ball
1-0: Fly out, F8 (Flyball, 8LM, EV 85.6 MPH)
Bottom of the 2nd over - 4 runs, 3 hits, 0 errors, 1 left on base; Pompano Beach 0 - Winter Haven 4
TOP OF THE 3RD
Pompano Beach Stingrays batting - Pitching for Winter Haven Sun Sox : RHP Rafael Pimentel
Now at SS: Augie Schmidt
Batting: RHB Jorge Villalobos 0-0: Foul Ball, location: 2F
0-1: Fly out, F3 (Line Drive, 3, EV 69.4 MPH)
Batting: SHB Gene Roof 0-0: Called Strike
0-1: Ball
1-1: Foul Ball, location: 2F
1-2: Strikes out swinging
Batting: RHB Lance Junker 0-0: Swinging Strike
0-1: Swinging Strike
0-2: Ball
1-2: Strikes out swinging
Top of the 3rd over - 0 runs, 0 hits, 0 errors, 0 left on base; Pompano Beach 0 - Winter Haven 4
BOTTOM OF THE 3RD
Winter Haven Sun Sox batting - Pitching for Pompano Beach Stingrays : LHP Mark Vaji
Batting: RHB Michael Rupp 0-0: Ball
1-0: Called Strike
1-1: Ground out U3 (Groundball, 34S, EV 80.6 MPH)
Batting: RHB Jose Marcano 0-0: Ball
1-0: Foul Ball, location: 2F
1-1: Swinging Strike
1-2: Ground out 6-3 (Groundball, 6, EV 107.5 MPH)
Batting: RHB Stephen Rhodes 0-0: Ball
1-0: Foul Ball, location: 2F
1-1: Foul Ball, location: 2F
1-2: Foul Ball, location: 2F
1-2: Ball
2-2: Ground out 6-3 (Groundball, 6, EV 87.5 MPH)
Bottom of the 3rd over - 0 runs, 0 hits, 0 errors, 0 left on base; Pompano Beach 0 - Winter Haven 4
TOP OF THE 4TH
Pompano Beach Stingrays batting - Pitching for Winter Haven Sun Sox : RHP Rafael Pimentel
Batting: LHB Arnold McCrary 0-0: Swinging Strike
0-1: Foul Ball, location: 2F
0-2: Fly out, F8 (Line Drive, 8RM, EV 100.0 MPH)
Batting: RHB Jimmy Thomas 0-0: Ball
1-0: Ground out 6-3 (Groundball, 6M, EV 82.5 MPH)
Batting: LHB Steve Phillips 0-0: Swinging Strike
0-1: Foul Ball, location: 2F
0-2: Fly out, F7 (Flyball, 78D, EV 86.3 MPH)
Top of the 4th over - 0 runs, 0 hits, 0 errors, 0 left on base; Pompano Beach 0 - Winter Haven 4
BOTTOM OF THE 4TH
Winter Haven Sun Sox batting - Pitching for Pompano Beach Stingrays : LHP Mark Vaji
Batting: LHB Charles Melito 0-0: Ball
1-0: Ball
2-0: Ball
3-0: Called Strike
3-1: Foul Ball, location: 2F
3-2: Ground out 1-3 (Groundball, 34S, EV 66.3 MPH)
Batting: RHB Sam Sorce 0-0: Swinging Strike
0-1: SINGLE (Groundball, 34, EV 103.8 MPH)
Batting: RHB Roderick Murphy 0-0: Ball
1-0: Ball
2-0: Ball
3-0: Swinging Strike
3-1: Base on Balls
Sam Sorce to second
Batting: RHB Augie Schmidt 0-0: Ball
1-0: Called Strike
1-1: Called Strike
1-2: Ball
2-2: Grounds into double play, 5-4-3 (Groundball, 56, EV 79.4 MPH)
Bottom of the 4th over - 0 runs, 1 hit, 0 errors, 1 left on base; Pompano Beach 0 - Winter Haven 4
TOP OF THE 5TH
Pompano Beach Stingrays batting - Pitching for Winter Haven Sun Sox : RHP Rafael Pimentel
Batting: RHB Mark Strucher 0-0: Called Strike
0-1: Ground out 5-3 (Groundball, 56S, EV 66.9 MPH)
Batting: SHB Maury Ornest 0-0: SINGLE (Line Drive, 6MD, EV 107.5 MPH)
Batting: RHB William Waag 0-0: Called Strike
Maury Ornest steals 2nd base
0-1: Ball
1-1: Ball
2-1: Ball
3-1: Called Strike
3-2: Base on Balls
Batting: RHB Jorge Villalobos 0-0: Foul Ball, location: 2F
0-1: Ball
1-1: Called Strike
1-2: Foul Ball, location: 2F
1-2: Fly out, F8 (Flyball, 8LXD, EV 68.8 MPH)
Runner from 2nd tags up, SAFE at 3rd, no throw by CF
Batting: SHB Gene Roof 0-0: DOUBLE (Line Drive, 9LM, EV 91.9 MPH)
Maury Ornest scores
William Waag to third
Runner from 3rd tries for Home, SAFE, no throw by RF
Batting: RHB Lance Junker 0-0: Foul Ball, location: 2F
0-1: Ground out 6-3 (Groundball, 6, EV 98.8 MPH)
Top of the 5th over - 2 runs, 2 hits, 0 errors, 1 left on base; Pompano Beach 2 - Winter Haven 4
BOTTOM OF THE 5TH
Winter Haven Sun Sox batting - Pitching for Pompano Beach Stingrays : LHP Mark Vaji
Batting: LHB Don Carter 0-0: Ball
1-0: Ball
2-0: Ball
3-0: Called Strike
3-1: SINGLE (Flyball, 6D, EV 92.5 MPH)
Batting: RHB Takashi Upshur 0-0: Ball
1-0: Ball
2-0: Bunt missed!
2-1: Bunt missed!
2-2: Fly out, F7 (Line Drive, 7, EV 89.4 MPH)
Batting: RHB Michael Rupp 0-0: Called Strike
0-1: Ball
1-1: Ball
2-1: Ball
3-1: Base on Balls
Don Carter to second
Batting: RHB Jose Marcano 0-0: Ball
1-0: Ball
2-0: Foul Ball, location: 2F
2-1: SINGLE (Line Drive, 78S, EV 90.0 MPH)
Don Carter to third
Michael Rupp to second
Runner from 3rd tries for Home, SAFE, throw by LF to home
Batting: RHB Stephen Rhodes 0-0: Ball
1-0: Ball
2-0: Called Strike
2-1: Grounds into double play, 5-4-3 (Groundball, 56S, EV 86.9 MPH)
Bottom of the 5th over - 1 run, 2 hits, 0 errors, 1 left on base; Pompano Beach 2 - Winter Haven 5
TOP OF THE 6TH
Pompano Beach Stingrays batting - Pitching for Winter Haven Sun Sox : RHP Rafael Pimentel
Batting: LHB Arnold McCrary 0-0: Ground out 3-1 (Groundball, 13, EV 86.3 MPH)
Batting: RHB Jimmy Thomas 0-0: Ball
1-0: SINGLE (Line Drive, 4M, EV 110.6 MPH)
Batting: LHB Steve Phillips 0-0: Ball
1-0: Foul Ball, location: 2F
1-1: Ball
2-1: Foul Ball, location: 2F
2-2: Fielders Choice at 2nd, 6-4 (Groundball, 6, EV 87.5 MPH)
Batting: RHB Mark Strucher 0-0: Called Strike
0-1: Ball
1-1: Ball
2-1: Foul Ball, location: 2F
2-2: Foul Ball, location: 2F
2-2: Strikes out looking
Top of the 6th over - 0 runs, 1 hit, 0 errors, 1 left on base; Pompano Beach 2 - Winter Haven 5
BOTTOM OF THE 6TH
Winter Haven Sun Sox batting - Pitching for Pompano Beach Stingrays : LHP Mark Vaji
Batting: LHB Charles Melito 0-0: DOUBLE (Line Drive, 8RXD, EV 101.3 MPH)
Batting: RHB Sam Sorce 0-0: Fly out, F8 (Flyball, 8RM, EV 84.4 MPH)
Batting: RHB Roderick Murphy 0-0: Foul Ball, location: 2F
0-1: Ball
1-1: Called Strike
1-2: Fly out, F4 (Popup, 3S, EV 79.4 MPH)
Batting: RHB Augie Schmidt 0-0: Ball
1-0: Ball
2-0: Ball
3-0: Base on Balls
Batting: LHB Don Carter 0-0: Ball
1-0: Called Strike
1-1: Ground out 6-3 (Groundball, 6MS, EV 70.0 MPH)
Bottom of the 6th over - 0 runs, 1 hit, 0 errors, 2 left on base; Pompano Beach 2 - Winter Haven 5
TOP OF THE 7TH
Pompano Beach Stingrays batting - Pitching for Winter Haven Sun Sox : RHP Rafael Pimentel
Batting: SHB Maury Ornest 0-0: Ball
1-0: Called Strike
1-1: Fly out, F8 (Flyball, 8LXD, EV 97.5 MPH)
Batting: RHB William Waag 0-0: Foul Ball, location: 2F
0-1: Ground out 5-3 (Groundball, 56, EV 88.8 MPH)
Batting: RHB Jorge Villalobos 0-0: Swinging Strike
0-1: Ball
1-1: SINGLE (Line Drive, 34D, EV 101.3 MPH)
Batting: SHB Gene Roof 0-0: Fly out, F7 (Flyball, 7, EV 84.4 MPH)
Top of the 7th over - 0 runs, 1 hit, 0 errors, 1 left on base; Pompano Beach 2 - Winter Haven 5
BOTTOM OF THE 7TH
Winter Haven Sun Sox batting - Pitching for Pompano Beach Stingrays : LHP Mark Vaji
Batting: RHB Takashi Upshur 0-0: Ball
1-0: Fly out, F9 (Flyball, 89M, EV 90.0 MPH)
Batting: RHB Michael Rupp 0-0: Called Strike
0-1: Fly out, F8 (Flyball, 8LM, EV 93.1 MPH)
Batting: RHB Jose Marcano 0-0: Called Strike
0-1: Foul Ball, location: 2F
0-2: Ball
1-2: Strikes out looking
Bottom of the 7th over - 0 runs, 0 hits, 0 errors, 0 left on base; Pompano Beach 2 - Winter Haven 5
TOP OF THE 8TH
Pompano Beach Stingrays batting - Pitching for Winter Haven Sun Sox : RHP Rafael Pimentel
Batting: RHB Lance Junker 0-0: Called Strike
0-1: Ball
1-1: SINGLE (Groundball, 34D, EV 104.4 MPH)
Batting: LHB Arnold McCrary 0-0: Ball
1-0: Foul Ball, location: 2F
1-1: Ball
2-1: Foul Ball, location: 2F
2-2: Ball
3-2: Strikes out swinging
Lance Junker steals 2nd base
Batter strikes out.
Batting: RHB Jimmy Thomas 0-0: Fly out, F7 (Line Drive, 7D, EV 91.3 MPH)
Batting: LHB Steve Phillips 0-0: Fly out, F6 (Line Drive, 6, EV 68.1 MPH)
Top of the 8th over - 0 runs, 1 hit, 0 errors, 1 left on base; Pompano Beach 2 - Winter Haven 5
BOTTOM OF THE 8TH
Winter Haven Sun Sox batting - Pitching for Pompano Beach Stingrays : LHP Mark Vaji
Batting: RHB Stephen Rhodes 0-0: Foul Ball, location: 2F
0-1: Foul Ball, location: 2F
0-2: Foul Ball, location: 2F
0-2: Strikes out swinging
Batting: LHB Charles Melito 0-0: Ball
1-0: Ball
2-0: SINGLE (Groundball, 4MD, EV 97.5 MPH)
Batting: RHB Sam Sorce 0-0: Ball
1-0: DOUBLE (Line Drive, 89XD, EV 98.1 MPH)
Charles Melito to third
Runner from 3rd tries for Home, SAFE, throw by CF to home
Pitching: RHP Ricky Acevedo
Batting: RHB Roderick Murphy 0-0: Foul Ball, location: 2F
0-1: Swinging Strike
0-2: Fly out, F9 (Flyball, 9, EV 71.3 MPH)
Batting: RHB Augie Schmidt 0-0: Foul Ball, location: 2F
0-1: Ball
1-1: Foul Ball, location: 2F
1-2: Ball
2-2: Ground out 1-3 (Groundball, 13S, EV 66.3 MPH)
Bottom of the 8th over - 1 run, 2 hits, 0 errors, 1 left on base; Pompano Beach 2 - Winter Haven 6
TOP OF THE 9TH
Pompano Beach Stingrays batting - Pitching for Winter Haven Sun Sox : RHP Rafael Pimentel
Batting: RHB Mark Strucher 0-0: Called Strike
0-1: SINGLE (Groundball, 15S, EV 61.3 MPH) (infield hit)
Batting: SHB Maury Ornest 0-0: Ball
1-0: Ball
2-0: Called Strike
2-1: Ball
3-1: Fielders Choice at 2nd, 4-6 (Groundball, 34, EV 93.1 MPH)
Batting: RHB William Waag 0-0: Ball
1-0: Fly out, F8 (Line Drive, 8RM, EV 110.0 MPH)
Batting: RHB Jorge Villalobos 0-0: Ball
1-0: Foul Ball, location: 2F
1-1: Called Strike
1-2: SINGLE (Groundball, 6MD, EV 96.9 MPH)
Maury Ornest to second
Batting: SHB Gene Roof 0-0: Ball
1-0: SINGLE (Line Drive, 6MD, EV 105.6 MPH)
Maury Ornest to third
Jorge Villalobos to second
Pitching: RHP Brian Monahan
Pinch Hitting: SHB Tom Barrett 0-0: Ball
1-0: Swinging Strike
1-1: Called Strike
1-2: Ball
2-2: Ball
3-2: Base on Balls
Maury Ornest scores
Jorge Villalobos to third
Gene Roof to second
Batting: LHB Arnold McCrary 0-0: Ball
1-0: Called Strike
1-1: Ball
2-1: Fly out, F7 (Flyball, 78D, EV 85.6 MPH)
Top of the 9th over - 1 run, 3 hits, 0 errors, 3 left on base; Pompano Beach 3 - Winter Haven 6
Thursday, August 13th, 2020 - OOTP Baseball 21.5 Build 76